 Dungeon Crawl Stone Soup version 0.20.1-1-g8b1a95d (webtiles) character file.

75 bosm the Bolt Thrower (level 4, 0/27 HPs)
             Began as a Kobold Hunter on Aug 14, 2017.
             Slain by an adder (3 damage)
             ... on level 2 of the Dungeon.
             The game lasted 00:04:31 (1215 turns).

bosm the Bolt Thrower (Kobold Hunter)               Turns: 1215, Time: 00:04:32

Health: 0/27       AC:  5    Str:  9    XL:     4   Next: 55%
Magic:  4/4        EV: 13    Int: 12    God:
Gold:   38         SH:  0    Dex: 16    Spells: 3/3 levels left

rFire    . . .     SeeInvis .   w - +1 hand crossbow
rCold    . . .     Gourm    .   (shield restricted)
rNeg     . . .     Faith    .   b - +0 ring mail
rPois    .         Spirit   .   (helmet restricted)
rElec    .         Reflect  .   (no cloak)
rCorr    .         Harm     .   (no gloves)
MR       .....                  (no boots)
Stlth    +.........             (no amulet)
Regen    0.1/turn               (no ring)
MPRegen  0.1/turn               (no ring)

@: lethally poisoned (0 -> -4)
A: antennae 1, carnivore 3, wild magic 1
a: no special abilities


You were on level 2 of the Dungeon.
You were completely stuffed.

You visited 1 branch of the dungeon, and saw 2 of its levels.

You collected 38 gold pieces.

Inventory:

Hand Weapons
 a - a +0 short sword
 w - a +1 hand crossbow (weapon)
Missiles
 d - 8 bolts (quivered)
Armour
 b - a +0 ring mail (worn)
Scrolls
 c - 2 scrolls of fear {unknown}
 e - a scroll of identify {unknown}
 g - a scroll of remove curse {unknown}
 i - a scroll of blinking {unknown}
 j - a scroll of enchant weapon {unknown}
Comestibles
 f - 2 meat rations
 k - 4 chunks of flesh


   Skills:
 + Level 2.5 Fighting
 * Level 6.5 Crossbows
 + Level 2.8 Dodging
 - Level 1.3 Stealth


You had 3 spell levels left.
You didn't know any spells.

Dungeon Overview and Level Annotations

Branches:
Dungeon (2/15)

Altars:


Innate Abilities, Weirdness & Mutations

You are small and have problems with some larger weapons.
You are carnivorous and can eat meat at any time.
You have a pair of small antennae on your head.
Your spells are a little harder to cast, but a little more powerful.


Message History

The frilled lizard bites you but does no damage.
Firing (i - inventory):
d - 10 bolts (quivered)
Press: ? - help, Shift-Dir - straight line, f/p - adder
Aim: an adder (heavily wounded)
You shoot a bolt. The bolt barely misses the adder.
The adder bites you but does no damage. The frilled lizard misses you.
The adder closely misses you.
It was a potion of mutation.
You feel extremely strange.
You feel less in control of your magic. A pair of antennae grows on your head!
* * * LOW HITPOINT WARNING * * *
You feel sick. The adder barely misses you.
The frilled lizard barely misses you.
Firing (i - inventory):
d - 9 bolts (quivered)
Press: ? - help, Shift-Dir - straight line, f/p - adder
Aim: an adder (heavily wounded)
You shoot a bolt.
The bolt hits the adder but does no damage.
The adder is heavily wounded.
The adder bites you.
You die...

..#
#..##...#####.....
#)####†..#.........#
#.##............(#
#.#..####........# #
....## #......### .#
#..## ######..###..#
##.# #####.....# #..
#%..†..#### ###.
#..####@l.# .
#.......S.# .
#.#.#.#.#.#
..........>.
..#.#.#.#.#..
#.............#
#.#.#.#.#..##(.
...........# ##


You could see an adder and a frilled lizard.

Vanquished Creatures
  3 adders
  An ooze (D:1)
  2 dart slugs (D:1)
  3 leopard geckos
  2 giant cockroaches (D:1)
  4 goblins (D:1)
  2 hobgoblins (D:1)
  3 jackals (D:2)
  7 bats
  2 frilled lizards
  6 kobolds
  4 rats
39 creatures vanquished.

Notes
Turn   | Place    | Note
-------+----------+-------------------------------------------
     0 | D:1      | bosm the Kobold Hunter began the quest for the Orb.
     0 | D:1      | Reached XP level 1. HP: 12/12 MP: 1/1
    56 | D:1      | Reached skill level 5 in Crossbows
   216 | D:1      | Reached XP level 2. HP: 18/18 MP: 2/2
   451 | D:1      | Reached XP level 3. HP: 19/22 MP: 3/3
   830 | D:1      | Reached skill level 6 in Crossbows
  1135 | D:2      | Reached XP level 4. HP: 25/27 MP: 4/4
  1214 | D:2      | Gained mutation: Your spells are a little harder to cast, but a little more powerful. [potion of mutation]
  1214 | D:2      | Gained mutation: You have a pair of small antennae on your head. [potion of mutation]
  1215 | D:2      | Slain by an adder

Skill      XL: |  1  2  3 |
---------------+----------+-----
Crossbows      | 5 6 |  6.5
Fighting       | |  2.5
Dodging        | |  2.8
Stealth        | |  1.3

Action                   |  1- 3 |  4- 6 || total
-------------------------+-------+-------++-------
Melee: Short sword       |    84 |    16 ||   100
 Fire: Hand crossbow     |    15 |    22 ||    37
  Use: Potion            |       |     1 ||     1
 Stab: Sleeping          |     1 |       ||     1
  Eat: Chunk             |     9 |       ||     9
Armor: Ring mail         |    36 |    20 ||    56
Dodge: Dodged            |    92 |    25 ||   117
